 Dungeon Crawl Stone Soup version 0.31.0-9-g3a7656b989 (webtiles) character file.

Game seed: 8616797084194326144

54 qw the Shooter (level 3, -2/20 HPs)
             Began as a Deep Elf Hunter on Feb 2, 2024.
             Slain by Terence
             ... wielding a +1 flail of holy wrath
              (8 damage)
             ... on level 2 of the Dungeon.
             The game lasted 00:00:04 (1577 turns).

qw the Shooter (Deep Elf Hunter)                    Turns: 1577, Time: 00:00:04

Health: -2/20      AC:  5    Str: 10    XL:     3   Next: 66%
Magic:  5/5        EV: 11    Int: 13    God:
Gold:   100        SH:  0    Dex: 18    Spells: 2/2 levels left

rFire   . . .        a - +0 shortbow
rCold   . . .        (shield currently unavailable)
rNeg    . . .        i - +0 ring mail
rPois   .            (no helmet)
rElec   .            (no cloak)
rCorr   .            (no gloves)
SInv    .            (no boots)
Will    .....        (no amulet)
Stlth   +            (no ring)
HPRegen 0.23/turn    (no ring)
MPRegen 0.09/turn

%: no passive effects
@: no status effects
A: no striking features
a: no special abilities


You were on level 2 of the Dungeon.
You visited 1 branch of the dungeon, and saw 2 of its levels.

You collected 100 gold pieces.


   Skills:
 - Level 1.5 Fighting
 + Level 7.2 Ranged Weapons
 - Level 2.4 Dodging
 - Level 1.2 Stealth


You had 2 spell levels left.
You didn't know any spells.
Your spell library was empty.

Inventory:

Hand Weapons
 a - a +0 shortbow (weapon)
Armour
 d - a +0 robe of cold resistance
 i - a +0 ring mail (worn)
Scrolls
 b - 2 scrolls of teleportation
 c - a scroll of summoning {unknown}
Potions
 g - a potion of brilliance {unknown}
 j - a potion of curing {unknown}
 k - 3 potions of haste

Dungeon Overview and Level Annotations

Branches:
Dungeon (2/15)

Altars:

Shops:
D:1 ?*

Annotations:
D:2 Terence


Message History

A ball python comes into view.
You shoot an arrow. The arrow hits the ball python.
You kill the ball python!
You now have enough gold to buy a scroll of enchant weapon on D:1.
You can access your shopping list by pressing '$'.
You now have 100 gold pieces (gained 11).
You open the door.
Terence the Incautious comes into view.
He is wielding a +1 flail of holy wrath, wearing a +4 scale mail of cold resistance and carrying a wand of flame.
Found a stone staircase leading down.
You shoot an arrow. The arrow hits Terence.
Terence shouts!
Terence is moderately wounded.
You shoot an arrow. The arrow hits Terence.
Terence is moderately wounded.
You shoot an arrow.
The arrow hits Terence but does no damage.
Terence is moderately wounded.
Terence zaps a wand.
The puff of flame hits you!
You shoot an arrow. The arrow barely misses Terence.
You shoot an arrow.
The arrow hits Terence but does no damage.
Terence is moderately wounded.
Terence zaps a wand.
The puff of flame hits you.
You shoot an arrow.
The arrow hits Terence but does no damage.
Terence is moderately wounded.
You shoot an arrow. The arrow hits Terence.
Terence is severely wounded.
Terence asks, "Do you want it fast or slow?"
Terence zaps a wand.
The puff of flame misses you.
You shoot an arrow.
The arrow hits Terence but does no damage.
Terence is severely wounded.
Terence zaps a wand.
The puff of flame hits you.
You shoot an arrow.
The arrow hits Terence but does no damage.
Terence is severely wounded.
Terence hits you with a +1 flail of holy wrath!
You die...
Terence says, "Time to find some more victims."

######..#.. # #...
#..####.#.#...
#.......#....#
##+##.####.##.#
##..........##.#
##.....########.# #
##.......## ##..#
...##.#.........####...#
......@@...%....+.......
>..##.#.........####...#
.. ##.......## ##..# ..#
##.....## ##.# .#
##...## #.# ##+## #.#
#.# #.# #.#


You could see Terence.

Vanquished Creatures
  2 adders (D:2)
  A ribbon worm (D:2)
  7 bats (D:1)
  A giant cockroach (D:2)
  2 goblins (D:1)
  7 hobgoblins (D:1)
  3 jackals (D:1)
  A quokka (D:2)
  3 ball pythons
  A frilled lizard (D:1)
  2 kobolds (D:1)
  2 rats (D:1)
32 creatures vanquished.

Notes
Turn   | Place    | Note
-------+----------+-------------------------------------------
     0 | D:1      | qw the Deep Elf Hunter began the quest for the Orb.
     0 | D:1      | Reached XP level 1. HP: 12/12 MP: 3/3
     0 | D:1      | 0 ||| qw: Version: 0.3-a-155-g5e7d8dd
     0 | D:1      | 0 ||| qw: Game counter: 1107
     0 | D:1      | 0 ||| qw: Melee chars always use a shield: true
     0 | D:1      | 0 ||| qw: God list: Okawaru
     0 | D:1      | 0 ||| qw: Allow faded altars: false
     0 | D:1      | 0 ||| qw: Do Orc after clearing Dungeon:15 true
     0 | D:1      | 0 ||| qw: Do second Lair branch before Depths: true
     0 | D:1      | 0 ||| qw: Lair rune preference: random
     0 | D:1      | 0 ||| qw: Goals: Normal
     0 | D:1      | 0 ||| PLANNING D:1-11
    62 | D:1      | Found Iweypenn's General Store.
    71 | D:1      | 71 ||| SHOPLISTING +1 arbalest of draining (196 gold, have
                  | 0).
    71 | D:1      | 71 ||| SHOPLISTING +2 leather armour of positive energy
                  | (208 gold, have 0).
    71 | D:1      | 71 ||| SHOPLISTING +5 ring of evasion (468 gold, have 0).
    71 | D:1      | 71 ||| SHOPLISTING potion of haste (130 gold, have 0).
   103 | D:1      | Found Viugrit's Magic Scroll Boutique.
   123 | D:1      | 123 ||| SHOPLISTING 2 scrolls of identify (52 gold, have
                  | 0).
   123 | D:1      | 123 ||| SHOPLISTING scroll of enchant weapon (97 gold, have
                  | 0).
   123 | D:1      | 123 ||| SHOPLISTING scroll of identify (26 gold, have 0).
   123 | D:1      | 123 ||| SHOPLISTING scroll of teleportation (39 gold, have
                  | 0).
   167 | D:1      | Reached XP level 2. HP: 16/16 MP: 4/4
   204 | D:1      | Reached skill level 6 in Ranged Weapons
  1019 | D:1      | 1019 ||| UPGRADING to +0 ring mail.
  1029 | D:1      | 1029 ||| DROPPING +0 leather armour.
  1030 | D:1      | 1030 ||| DROPPING ring of wizardry.
  1031 | D:1      | 1031 ||| READING scroll labelled VUM MIUTULU.
  1036 | D:1      | 1036 ||| READING scroll labelled SECVIE ENAKAKK.
  1037 | D:1      | 1037 ||| READING 2 scrolls labelled YDETAT WIEGAVIES.
  1138 | D:1      | 1138 ||| DRINKING 3 lumpy brown potions.
  1139 | D:1      | 1139 ||| DROPPING scroll of butterflies.
  1140 | D:1      | 1140 ||| DROPPING scroll of vulnerability.
  1225 | D:2      | Reached XP level 3. HP: 7/20 MP: 5/5
  1226 | D:2      | HP: 5/20 [poisoned by an adder]
  1541 | D:2      | Reached skill level 7 in Ranged Weapons
  1568 | D:2      | Noticed Terence
  1577 | D:2      | Slain by Terence

Levels and vault maps discovered:
D:1:      wander_arrival_abandoned_jail, layout_basic, serial_corexii_hall,
          chequers_hall_statues_y, corexii_hall_statues_i, serial_shops, shop,
          shop, kennysheep_pointless_box
D:2:      kennysheep_big_flooded_room, layout_loops_corners, serial_forest,
          infiniplex_forest_clump_cross, infiniplex_forest_clump_cross,
          infiniplex_forest_lined_2, infiniplex_forest_clump_medium,
          infiniplex_forest_end_2, infiniplex_forest_lined_corner,
          infiniplex_forest_3_way, infiniplex_forest_fountain,
          minmay_heptomino_l4, uniq_terence

Skill      XL: |  1  2  3 |
---------------+----------+-----
Ranged Weapons | 6 7 |  7.2
Fighting       | |  1.5
Dodging        | |  2.4
Stealth        | |  1.2

Action                     || total
---------------------------++-------
   Fire: Shortbow          ||   109
    Use: Scroll            ||     3
         Potion            ||     1
 Armour: Leather armour    ||    17
         Ring mail         ||    14
  Dodge: Dodged            ||    29

Table legend:
 A = Non-vault XP
 B = Vault XP
 C = Vault XP percentage of total XP
 D = Non-vault monster count
 E = Vault monster count
 F = Vault count percentage of total count
                 A         B        C        D         E       F
            +---------+---------+-------+---------+---------+-------
      Total |      57 |      21 |  26.9 |      28 |       4 |  12.5
            +---------+---------+-------+---------+---------+-------
        D:1 |      40 |       0 |   0.0 |      25 |       0 |   0.0
        D:2 |      17 |      21 |  55.3 |       3 |       4 |  57.1
            +---------+---------+-------+---------+---------+-------
